 Dungeon Crawl Stone Soup version 0.31-a0-1-g4198be8af4 (webtiles) character file.

Game seed: 14293359494279521724

67 qeuew the Shooter (level 4, -27/34 HPs)
             Began as a Formicid Hunter on May 1, 2023.
             Killed by an exploding orc priest (31 damage)
             ... ignited by their inner flame
             ... on level 2 of the Dungeon.
             The game lasted 00:01:48 (879 turns).

qeuew the Shooter (Formicid Hunter)                  Turns: 879, Time: 00:01:49

Health: -27/34     AC:  3    Str: 15    XL:     4   Next: 38%
Magic:  4/4        EV: 12    Int:  9    God:
Gold:   7          SH:  0    Dex: 19    Spells: 3/3 levels left

rFire   . . .        a - +0 shortbow
rCold   . . .        (no shield)
rNeg    . . .        c - +0 leather armour
rPois   +            (helmet unavailable)
rElec   .            (no cloak)
rCorr   .            (no gloves)
SInv    +            (no boots)
Will    .....        (no amulet)
Stlth   ++           (no ring)
HPRegen 0.25/turn    (no ring)
MPRegen 0.09/turn

%: no passive effects
@: no status effects
A: permanent stasis, dig shafts and tunnels, antennae 3, four strong arms,
poison resistance, sturdy frame 1
a: Dig, Shaft Self


You were on level 2 of the Dungeon.
You visited 1 branch of the dungeon, and saw 2 of its levels.

You collected 20 gold pieces.
You spent 13 gold pieces at shops.

Inventory:

Hand Weapons
 a - a +0 shortbow (weapon)
Armour
 c - a +0 leather armour (worn)
Jewellery
 f - a ring of ice
Scrolls
 b - a scroll of immolation
 g - a scroll of teleportation {unknown}
Potions
 e - a potion of might {unknown}
 h - a potion of berserk rage {unknown}


   Skills:
 + Level 2.6 Fighting
 * Level 4.6 Ranged Weapons
 + Level 1.3 Armour
 + Level 2.2 Dodging
 + Level 2.3 Stealth


You had 3 spell levels left.
You didn't know any spells.
Your spell library was empty.

Dungeon Overview and Level Annotations

Branches:
Dungeon (2/15)

Altars:

Shops:
D:1 ![!


Innate Abilities, Weirdness & Mutations

You cannot be hasted, slowed, berserked, paralysed or teleported.
You can dig through walls and to a lower floor.
You have a pair of large antennae on your head. (SInv)
Your four strong arms can wield two-handed weapons with a shield.
Your system is resistant to poisons. (rPois)
Your movements are slightly less encumbered by armour. (ER -2)


Message History

Beogh smites you!
You shoot an arrow.
The arrow closely misses the orc priest.
The orc priest closely misses you.
You shoot an arrow. The arrow barely misses the orc priest.
The orc priest hits you with a +0 club.
You shoot an arrow. The arrow hits the orc priest.
The orc priest is moderately wounded.
The orc priest hits you with a +0 club.
Unknown command.
You are too injured to fight recklessly!
You are too injured to fight recklessly!
You are too injured to fight recklessly!
Unknown command.
Okay, then.
Okay, then.
Okay, then.
Really read the scroll of immolation?
As you read the scroll of immolation, it crumbles to dust.
The creatures around you are filled with an inner flame!
The orc priest barely misses you.
The orc priest mumbles some strange prayers to Beogh against you.
Pain shoots through your body!
* * * LOW HITPOINT WARNING * * *
Unknown command.
You feel better. The orc priest barely misses you.
The orc priest hits you with a +0 club.
Fire: a) +0 shortbow
Press: ? - help, Q - select action, (/) - cycle Shift-Dir - straight line, f/p - orc priest
Aim: an orc priest, wielding a +0 club and wearing a +0 leather armour (lightly wounded, inner flame, 64% to hit)
You shoot an arrow. The arrow hits the orc priest.
Flame seeps out of the orc priest.
The orc priest is heavily wounded.
The orc priest hits you with a +0 flail!
* * * LOW HITPOINT WARNING * * *
The orc priest is engulfed in blazing flames.
The orc priest explodes!
The fiery explosion engulfs you!!
Ouch! That really hurt!
You die...

# .....# ...#
..... .... ....
...# ### )..
###.## # ..
##...## #. l#
##..#..###.####o#
##..###..##....@○#
##..##
##..###.#### #..##
##..##..# ...#
#.).#..# .#...#
#†..#...## .##..#
#..##..##
..##..#..##..##
#..##.).##..##
#..##.##..# {


You could see an orc priest (inner flame) and a frilled lizard.

Vanquished Creatures
  An orc priest (D:2)
  3 adders (D:2)
  2 orcs (D:2)
  5 ball pythons
  3 endoplasms
  3 giant cockroaches (D:2)
  4 goblins
  A hobgoblin (D:1)
  3 kobolds (D:1)
  2 quokkas
  4 bats
  4 frilled lizards (D:1)
  4 rats
39 creatures vanquished.

Notes
Turn   | Place    | Note
-------+----------+-------------------------------------------
     0 | D:1      | qeuew the Formicid Hunter began the quest for the Orb.
     0 | D:1      | Reached XP level 1. HP: 16/16 MP: 1/1
    30 | D:1      | Reached XP level 2. HP: 12/22 MP: 2/2
   166 | D:1      | Found Ybefi's Armour Shoppe.
   178 | D:1      | Found Geaps's Distillery.
   420 | D:1      | Found Ituc's Distillery.
   425 | D:1      | Bought a potion of degeneration for 13 gold pieces
   432 | D:1      | Reached XP level 3. HP: 25/28 MP: 3/3
   579 | D:1      | Gained mutation: You are dopey. (Int -2) [potion of
                  | mutation]
   579 | D:1      | Lost mutation: You are dopey. (Int -2) [potion of mutation]
   579 | D:1      | Gained mutation: Your system is resistant to poisons.
                  | (rPois) [potion of mutation]
   579 | D:1      | Gained mutation: Your movements are slightly less
                  | encumbered by armour. (ER -2) [potion of mutation]
   764 | D:2      | Reached skill level 1 in Armour
   847 | D:2      | Reached XP level 4. HP: 32/34 MP: 4/4
   879 | D:2      | Killed by an exploding orc priest... ignited by their inner
                  | flame

Illustrated notes

Levels and vault maps discovered:
D:1:      roderic_chinese_lattice_arrival, layout_basic, serial_shops, shop,
          shop, shop, dk_noncrumbling_2
D:2:      minmay_alternating_diamond, layout_basic

Skill      XL: |  1  2  3 |
---------------+----------+-----
Dodging        | 2 |  2.2
Stealth        | 2 |  2.3
Armour         | 1 |  1.3
Fighting       | |  2.6
Ranged Weapons | |  4.6

Action                     |  1- 3 |  4- 6 || total
---------------------------+-------+-------++-------
   Fire: Shortbow          |    84 |    10 ||    94
Ability: Dig               |     4 |       ||     4
    Use: Potion            |     2 |     1 ||     3
         Scroll            |     1 |     1 ||     2
 Armour: Leather armour    |     8 |       ||     8
  Dodge: Dodged            |    24 |     3 ||    27

Table legend: (Time is in decaauts)
 A = Elapsed time spent in this place.
 B = Non-inter-level travel time spent in this place.
 C = Inter-level travel time spent in this place.
 D = Time resting spent in this place.
 E = Time spent auto-exploring this place.
 F = Levels seen in this place.
 G = Mean time per level.
                   A        B        C        D        E       F      G
               +--------+--------+--------+--------+--------+-----+--------+
         Total |    907 |    891 |     16 |      0 |    697 |   2 |  453.5 |
       Dungeon |    907 |    891 |     16 |      0 |    697 |   2 |  453.5 |
               +--------+--------+--------+--------+--------+-----+--------+

Top non-repeatable levels by time:
     D:1: 610 daAuts
     D:2: 296 daAuts
